 Dungeon Crawl Stone Soup version 0.30-b1-2-g02819fbbbe (webtiles) character file.

Game seed: 17779767673819326742

2408 Angani the Chiller (level 9, -10/69 HPs)
             Began as a Formicid Ice Elementalist on May 11, 2023.
             Was a Follower of Cheibriados.
             Mangled by a two-headed ogre
             ... wielding a +0 giant spiked club
              (17 damage)
             ... on level 10 of the Dungeon.
             The game lasted 00:14:41 (7546 turns).

Angani the Chiller (Formicid Ice Elementalist)      Turns: 7546, Time: 00:14:41

Health: -10/69     AC: 26    Str: 17    XL:     9   Next: 75%
Magic:  26/26      EV:  2    Int: 21    God:    Cheibriados [*.....]
Gold:   111        SH:  8    Dex: 17    Spells: 15/19 levels left

rFire   . . .        a - +0 glaive
rCold   . . .        r - +0 buckler
rNeg    . . .        d - +5 crystal plate armour
rPois   .            (helmet unavailable)
rElec   .            q - scarf of Negation {shadows, +Inv MP+9}
rCorr   .            c - +2 pair of gloves
SInv    +            (no boots)
Will    .....        o - amulet of the acrobat Stlth
                     n - +4 ring of slaying
HPRegen 0.31/turn    (no ring)
MPRegen 0.20/turn

%: acrobat
@: very slow
A: permanent stasis, dig shafts and tunnels, antennae 3, four strong arms, large
bone plates 1
a: Dig, Shaft Self, Renounce Religion, Evoke Invisibility, Bend Time


You were on level 10 of the Dungeon.
You worshipped Cheibriados.
Cheibriados was aware of your devotion.
You visited 2 branches of the dungeon, and saw 10 of its levels.
You also visited: Bailey.

You collected 351 gold pieces.
You spent 240 gold pieces at shops.

Inventory:

Hand Weapons
 a - a +0 glaive (weapon)
Armour
 c - a +2 pair of gloves (worn)
 d - a +5 crystal plate armour (worn)
 q - the scarf of Negation (worn) {shadows, +Inv MP+9}
   (You bought it in a shop on level 3 of the Dungeon)

   MP:        It affects your magic capacity (+9).
   +Inv:      It lets you turn invisible.
 r - a +0 buckler (worn)
Jewellery
 n - a +4 ring of slaying (left hand)
 o - an amulet of the acrobat (around neck)
Wands
 t - a wand of flame (6)
 u - a wand of iceblast (3)
Scrolls
 f - 2 scrolls of magic mapping
 h - a scroll of fog {unknown}
 j - a scroll of vulnerability
 m - a scroll of amnesia {unknown}
 s - a scroll of noise {unknown}
Potions
 b - 2 potions of magic
 e - 3 potions of degeneration
 l - 4 potions of curing


   Skills:
 + Level 5.9 Fighting
 + Level 5.3 Polearms
 + Level 5.9 Armour
 - Level 1.7 Dodging
 - Level 2.4 Stealth
 - Level 5.9 Spellcasting
 - Level 6.8 Ice Magic


You had 15 spell levels left.
You knew the following spells:

 Your Spells              Type           Power      Damage    Failure   Level
a - Freeze                Ice            100%       1d10      97%         1
b - Frozen Ramparts       Ice            70%        1d11      100%        3

Your spell library contained the following spells:

 Spells                   Type           Power      Damage    Failure   Level
 Foxfire                  Conj/Fire      24%        2x1d5     100%        1
 Kiss of Death            Conj/Necr      24%        2d7       100%        1
 Cigotuvi's Dreadful Rot  Necr/Pois/Air  12%        N/A       100%        2
 Sublimation of Blood     Necr           6%         N/A       100%        2
 Confusing Touch          Hex            6%         N/A       100%        3
 Ignite Poison            Fire/Tmut/Pois 6%         N/A       100%        3
 Ozocubu's Armour         Ice            35%        N/A       100%        3
 Tukima's Dance           Hex            6%         N/A       100%        3
 Vampiric Draining        Necr           6%         2d6       100%        3
 Anguish                  Hex/Necr       3%         N/A       100%        4
 Dispel Undead            Necr           6%         3d8       100%        4
 Passage of Golubria      Tloc           6%         N/A       100%        4
 Summon Ice Beast         Ice/Summ       20%        N/A       100%        4
 Fireball                 Conj/Fire      3%         3d4       100%        5
 Freezing Cloud           Conj/Ice/Air   7%         6-21      100%        5
 Yara's Violent Unravell  Hex/Tmut       3%         3d4       100%        5
 Plasma Beam              Fire/Air       3%         2x1d14    100%        6
 Simulacrum               Ice/Necr       10%        N/A       100%        6
 Starburst                Conj/Fire      3%         6d3       100%        6


Dungeon Overview and Level Annotations

Branches:
Dungeon (10/15)            Temple (1/1) D:5          Bailey (visited)
   Lair: D:8-11         Orc: D:9-12

Altars:
Ashenzari
Cheibriados
Dithmenos
Elyvilon
Fedhas
Gozag
Kikubaaqudgha
Nemelex Xobeh
Okawaru
Qazlal
Ru
Sif Muna
Trog
Vehumet
Wu Jian
Xom
Yredelemnul
Zin

Shops:
D:1 *   D:2 [   D:3 [

Annotations:
D:5 Grinder


Innate Abilities, Weirdness & Mutations

You cannot be hasted, slowed, berserked, paralysed or teleported.
You can dig through walls and to a lower floor.
You have a pair of large antennae on your head. (SInv)
Your four strong arms can wield two-handed weapons with a shield.
You are partially covered in large bone plates. (SH +4)


Message History

The two-headed ogre hits you but does no damage.
Unknown command.
You slash the kobold brigand!
You kill the kobold brigand!
Cheibriados appreciates the change of pace.
The kobold hits you but does no damage.
The two-headed ogre hits you with a +0 giant spiked club!
The two-headed ogre hits you but does no damage.
The kobold completely misses you.
You hit the two-headed ogre but do no damage.
The two-headed ogre is lightly wounded.
The kobold hits you but does no damage.
The two-headed ogre hits you with a +0 giant spiked club.
The two-headed ogre hits you with a +0 dire flail!
* * * LOW HITPOINT WARNING * * *
Unknown command.
You closely miss the two-headed ogre.
The two-headed ogre is lightly wounded.
The kobold barely misses you. You block the two-headed ogre's attack.
The two-headed ogre hits you with a +0 dire flail.
* * * LOW HITPOINT WARNING * * *
The kobold barely misses you.
Unknown command.
You slash the two-headed ogre!
The two-headed ogre is heavily wounded.
You block the kobold's attack. The two-headed ogre barely misses you.
The two-headed ogre hits you but does no damage.
Unknown command.
You hit the two-headed ogre.
The two-headed ogre is heavily wounded.
You block the kobold's attack.
The two-headed ogre hits you with a +0 giant spiked club.
* * * LOW HITPOINT WARNING * * *
The two-headed ogre hits you but does no damage.
The kobold barely misses you.
You hit the two-headed ogre.
The two-headed ogre is heavily wounded.
The kobold hits you but does no damage.
The two-headed ogre hits you with a +0 giant spiked club!
You die...

######## ####......#
#......##.#
##.#.....#.#
.....#..#.#
#.##.#..#.#
####O##.....[###
##..)@K.........#
#.....#.#.#.....######
#.....#.#.##.#..#.....
#.....................
#.....#.#.##..(.......
#.....#.#.##.....####.
##......#........#
###########.....#
##.####


You could see a two-headed ogre and a kobold.

Vanquished Creatures
  A kobold demonologist (D:10)
  Sigmund (D:2)
  A centaur simulacrum (D:10)
  Duvessa (D:6)
  2 ice beasts
  9 orc warriors (Bailey)
  A black bear (D:6)
  A kobold brigand (D:10)
  A phantom (D:6)
  A scorpion (D:5)
  Dowan (D:6)
  A jelly (D:6)
  4 iguanas
  An orc wizard (D:4)
  7 adders
  2 shadow imps (D:5)
  An ufetubus (D:5)
  3 worms
  A dart slug (D:1)
  20 orcs
  7 bats
  9 endoplasms
  3 giant cockroaches
  7 goblins
  13 hobgoblins
  4 jackals
  12 kobolds
  5 quokkas
  3 ball pythons
  2 frilled lizards
  5 rats
130 creatures vanquished.

Vanquished Creatures (others)
  2 plants (D:3)
2 creatures vanquished.

Grand Total: 132 creatures vanquished

Notes
Turn   | Place    | Note
-------+----------+-------------------------------------------
     0 | D:1      | Angani the Formicid Ice Elementalist began the quest for
                  | the Orb.
     0 | D:1      | Reached XP level 1. HP: 13/13 MP: 3/3
    75 | D:1      | Reached XP level 2. HP: 9/19 MP: 0/5
   461 | D:1      | Found Voyvuf's Assorted Antiques.
   553 | D:1      | Reached XP level 3. HP: 22/24 MP: 1/7
  1023 | D:2      | Learned a level 3 spell: Frozen Ramparts
  1229 | D:2      | Reached XP level 4. HP: 30/30 MP: 5/9
  1377 | D:2      | Found Zoqavuv's Armour Shoppe.
  1377 | D:2      | Noticed an animated shadow dragon scales
  1377 | D:2      | Noticed an animated shadow dragon scales
  1393 | D:2      | Got the Elucidation of Subjectivity
  1488 | D:2      | Noticed Sigmund
  1499 | D:2      | Killed Sigmund
  1500 | D:2      | Reached skill level 5 in Ice Magic
  1500 | D:2      | Reached XP level 5. HP: 18/35 MP: 6/11
  1500 | D:2      | Reached XP level 6. HP: 21/41 MP: 6/12
  2024 | D:3      | Found a broken altar of Ashenzari.
  2071 | D:3      | Found Amyin's Antique Armour Boutique.
  2253 | D:3      | Found a sacrificial altar of Ru.
  2297 | D:3      | Identified the +0 ring mail of Fae Leaves {rC+ Will+}
  2789 | D:4      | Identified the +1 robe "Ipife" {rPois Stlth+}
  2867 | D:4      | Reached skill level 6 in Ice Magic
  2872 | D:4      | Reached skill level 5 in Spellcasting
  3443 | D:5      | Entered Level 5 of the Dungeon
  3504 | D:5      | Noticed an ice beast
  3520 | D:5      | Killed an ice beast
  3521 | D:5      | Reached XP level 7. HP: 22/46 MP: 13/15
  3664 | D:5      | Noticed Grinder
  3879 | D:5      | Found a staircase to the Ecumenical Temple.
  3889 | Temple   | Entered the Ecumenical Temple
  3939 | Temple   | Became a worshipper of Cheibriados the Contemplative
  4273 | D:5      | Found a bloodstained altar of Trog.
  4402 | D:3      | Bought a smoking scarf for 240 gold pieces
  4402 | D:3      | Identified the scarf of Negation {shadows, +Inv MP+9} (You
                  | bought it in a shop on level 3 of the Dungeon)
  5082 | D:6      | Reached skill level 1 in Fighting
  5082 | D:6      | Reached skill level 1 in Polearms
  5082 | D:6      | Reached skill level 1 in Armour
  5082 | D:6      | Reached XP level 8. HP: 40/54 MP: 16/16
  5174 | D:6      | Noticed Duvessa
  5177 | D:6      | Noticed Dowan
  5182 | D:6      | Killed Duvessa
  5198 | D:6      | Killed Dowan
  5516 | D:6      | Found a glowing silver altar of Zin.
  5517 | D:6      | Found a basalt altar of Yredelemnul.
  5517 | D:6      | Found a shimmering blue altar of Sif Muna.
  5520 | D:6      | Found a shimmering altar of Xom.
  5520 | D:6      | Found a bloodstained altar of Trog.
  5520 | D:6      | Found a stormy altar of Qazlal.
  5592 | D:6      | Found an ancient bone altar of Kikubaaqudgha.
  6110 | D:7      | Found a flagged portal.
  6114 | D:7      | Reached * piety under Cheibriados
  6121 | Bailey   | Entered a bailey
  6368 | Bailey   | Reached XP level 9. HP: 47/65 MP: 17/17
  6469 | Bailey   | Gained mutation: You are partially covered in large bone
                  | plates. (SH +4) [potion of mutation]
  6840 | Bailey   | Reached skill level 5 in Fighting
  6840 | Bailey   | Reached skill level 5 in Armour
  7088 | Bailey   | Noticed an orc knight
  7095 | Bailey   | HP: 3/68 [orc knight/+0 glaive (6)]
  7099 | D:7      | You fall into a shaft and drop 3 floors!
  7099 | D:10     | Entered Level 10 of the Dungeon
  7316 | D:9      | Noticed a kobold demonologist
  7462 | D:10     | Noticed a rust devil
  7469 | D:10     | Killed a kobold demonologist
  7470 | D:10     | Reached skill level 5 in Polearms
  7537 | D:10     | Noticed a two-headed ogre
  7546 | D:10     | Mangled by a two-headed ogre

Illustrated notes

Levels and vault maps discovered:
D:1:      dpeg_arrival_connections, layout_basic, serial_shops, shop, hex_large,
          minmay_misc_feat_diagonals, nicolae_concentric_dashed_squares_mild,
          minmay_misc_feat_roman
D:2:      layout_rooms, serial_shops, nicolae_shop_mannequins,
          serial_corexii_hall, corexii_hall_statues_deadend,
          corexii_hall_statues_x, amcnicky_mini_rare_corridor_liquid,
          uniq_sigmund
D:3:      layout_basic, nicolae_ru_path_of_blood,
          mainiacjoe_overflow_small_starburst, serial_shops,
          nicolae_shop_overgrown_old_shop, hangedman_decor_points
D:4:      layout_gridville, serial_glass, glass_columns_a, glass_columns_a,
          glass_columns_a, glass_columns_b, glass_columns_b, glass_columns_a,
          hangedman_minor_gate_pass
D:5:      layout_gridville, lemuel_tele_altar, minmay_temple_entry_butterflies,
          uniq_grinder
D:6:      layout_loops_ring, general_overflow_altar, doesnt_xom_only_xom,
          uniq_duvessa
D:7:      nzn_winding_woodlands_medium [nzn_winding_woodlands_5x5_three,
          nzn_winding_woodlands_5x15_crooked,
          nzn_winding_woodlands_5x5_closed_star,
          nzn_winding_woodlands_5x5_perimeter,
          nzn_winding_woodlands_center_lodge, nzn_winding_woodlands_hourglass,
          nzn_winding_woodlands_5x5_cross, nzn_winding_woodlands_5x15_zeroes,
          nzn_winding_woodlands_5x5_open_star], layout_basic, tgw_sif,
          enter_bailey_4
D:9:      layout_loops_corners, nicolae_hepliaklqana_hazy_memory, serial_shops,
          shop
D:10:     layout_loops_cross
Temple:   minmay_temple_bridge_abc

Skill      XL: |  1  2  3  4  5  6  7  8  9 |
---------------+----------------------------+-----
Spellcasting   | 3 4 5 |  5.9
Ice Magic      | 5 6 |  6.8
Fighting       | 1 4 5 |  5.9
Polearms       | 1 3 5 |  5.3
Armour         | 1 4 5 |  5.9
Dodging        | |  1.7
Stealth        | |  2.4

Action                     |  1- 3 |  4- 6 |  7- 9 || total
---------------------------+-------+-------+-------++-------
  Melee: Unarmed           |    49 |    30 |       ||    79
         Halberd           |       |   101 |    90 ||   191
         Glaive            |       |       |    45 ||    45
   Cast: Freeze            |    45 |     2 |     3 ||    50
         Frozen Ramparts   |     3 |     6 |    13 ||    22
Ability: Dig               |     1 |       |       ||     1
         Shaft Self        |       |       |     1 ||     1
  Evoke: Wand              |       |       |    11 ||    11
    Use: Potion            |       |     4 |     9 ||    13
         Scroll            |       |     7 |     7 ||    14
   Stab: Sleeping          |     3 |     6 |     1 ||    10
 Armour: Robe              |    34 |    23 |       ||    57
         Ring mail         |       |    31 |    62 ||    93
         Crystal plate arm |       |       |    57 ||    57
  Dodge: Dodged            |    51 |    88 |    99 ||   238
  Block: Buckler           |       |       |    58 ||    58
